 Dungeon Crawl Stone Soup version 0.28.0-53-g5a82cb258f (webtiles) character file.

Game seed: 13416313613031066771

39 Plasmagod the Skirmisher (level 3, 0/23 HPs)
             Began as a Gargoyle Monk on July 11, 2022.
             Slain by Terence
             ... wielding a +0 short sword
              (2 damage)
             ... on level 2 of the Dungeon.
             The game lasted 00:07:44 (1502 turns).

Plasmagod the Skirmisher (Gargoyle Monk)            Turns: 1502, Time: 00:07:45

Health: 0/23       AC:  6    Str: 14 (16) XL:     3   Next: 45%
Magic:  3/3        EV: 12    Int:  7 (10) God:
Gold:   47         SH:  0    Dex: 13 (14) Spells: 2/2 levels left

rFire   . . .      SeeInvis .   g - staff of earth
rCold   . . .      Faith    .   (no shield)
rNeg    + . .      Spirit   .   c - +0 leather armour
rPois   ∞          Reflect  .   (no helmet)
rElec   +          Harm     .   (no cloak)
rCorr   .          Rampage  .   (no gloves)
Will    .....                   (no boots)
Stlth   ++........              (no amulet)
HPRegen 0.07/turn               (no ring)
MPRegen 0.08/turn               (no ring)

@: no status effects
A: sickness immunity, AC +3, negative energy resistance 1, electricity
resistance, torment resistance 1, petrification resistance, agile 1, subdued
magic 1, devolution 1
a: no special abilities


You were on level 2 of the Dungeon.
You visited 1 branch of the dungeon, and saw 2 of its levels.

You collected 47 gold pieces.

Inventory:

Armour
 c - a +0 leather armour (worn)
Magical Staves
 g - a staff of earth (weapon)
Scrolls
 d - 2 scrolls of identify
 e - a scroll of noise
 f - a scroll of teleportation {unknown}
 i - a scroll of fear {unknown}
Potions
 a - a potion of curing
 j - a potion of lignification {unknown}


   Skills:
 + Level 3.6 Fighting
 + Level 0.2 Staves
 + Level 0.8 Armour
 + Level 2.7 Dodging
 + Level 2.3 Stealth
 + Level 3.5 Unarmed Combat


You had 2 spell levels left.
You didn't know any spells.
Your spell library was empty.

Dungeon Overview and Level Annotations

Branches:
Dungeon (2/15)

Altars:

Annotations:
D:2 Terence


Innate Abilities, Weirdness & Mutations

You are immune to sickness and miasma.
Your stone body is resilient. (AC +3)
You are immune to poison.
You resist negative energy. (rN+)
You are resistant to electric shocks. (rElec)
You are resistant to unholy torment.
You are immune to petrification.
You are agile. (Dex +2)
Your spells are a little easier to cast, but a little less powerful.
You have hidden genetic defects.


Message History

Terence is heavily wounded.
Terence hits you with a +0 short sword.
You barely miss Terence.
Terence is heavily wounded.
Terence hits you with a +0 short sword.
You hit Terence.
Terence is severely wounded.
Terence completely misses you.
You completely miss Terence.
Terence is heavily wounded.
Terence misses you. Terence hits you with a +0 short sword.
* * * LOW HITPOINT WARNING * * *
You feel better. Terence hits you with a +0 short sword.
You barely miss Terence.
Terence is heavily wounded.
Terence hits you with a +0 short sword.
* * * LOW HITPOINT WARNING * * *
Okay, then.
It was a potion of degeneration.
There was something very wrong with that liquid.
You feel weakened.
You feel dopey.
You feel clumsy. Terence closely misses you.
You hit Terence.
Terence is severely wounded.
Terence hits you with a +0 short sword.
* * * LOW HITPOINT WARNING * * *
You closely miss Terence. You punch Terence.
Terence is severely wounded.
Terence misses you.
You barely miss Terence.
Terence is severely wounded.
Terence hits you with a +0 short sword.
* * * LOW HITPOINT WARNING * * *
Sorry, you're not good enough to have a special ability.
It was a potion of mutation.
You feel extremely strange.
Your connection to magic feels subdued.
You feel a hidden malignance growing inside you.
You feel agile. Terence hits you with a +0 short sword.
You die...

# #.# #.. # #.# ###
### # #.# #.. # #
#.# #.# ## # #.#
#.# #.
#######.##### #.#
#. ##..........#
#.# #.
##<####...#.# #@#
#. # ###.#.####@###
#. # .#
#.#........# #.
##.# #.######.#.#
#. #.# #.# #.#.#
#########. #.# #.#
#.#.# #.........
#.# #.# #.#.#
#.######## ##.#
#†######.#.# #.# #
.#.#
#........#.#####.##
# ...#
#.................#
#


You could see Terence.

Vanquished Creatures
  A dart slug (D:1)
  An endoplasm (D:2)
  5 giant cockroaches
  A goblin (D:1)
  3 hobgoblins
  4 jackals (D:1)
  2 kobolds
  9 ball pythons
  2 bats (D:1)
  2 frilled lizards (D:1)
  2 rats (D:1)
32 creatures vanquished.

Notes
Turn   | Place    | Note
-------+----------+-------------------------------------------
     0 | D:1      | Plasmagod the Gargoyle Monk began the quest for the Orb.
     0 | D:1      | Reached XP level 1. HP: 14/14 MP: 1/1
   103 | D:1      | Reached XP level 2. HP: 15/19 MP: 2/2
   415 | D:1      | Found a faded altar of an unknown god.
   467 | D:1      | Reached XP level 3. HP: 11/23 MP: 3/3
  1486 | D:2      | Noticed Terence
  1502 | D:2      | Gained mutation: Your spells are a little easier to cast,
                  | but a little less powerful. [potion of mutation]
  1502 | D:2      | Gained mutation: You have hidden genetic defects. [potion
                  | of mutation]
  1502 | D:2      | Gained mutation: You are agile. (Dex +2) [potion of
                  | mutation]
  1502 | D:2      | Slain by Terence

Illustrated notes

Levels and vault maps discovered:
D:1:      minmay_arrival_split_and_join, layout_basic,
          ebering_ecumenical_altar_webs, minmay_split_cup_small
D:2:      layout_loops_ring, uniq_crazy_yiuf_cottage, uniq_terence

Action                   || total
-------------------------++-------
Melee: Unarmed           ||    91
       Punch             ||     5
       Staff             ||    60
  Use: Scroll            ||     2
       Potion            ||     3
 Stab: Sleeping          ||     1
Armor: Leather armour    ||    46
Dodge: Dodged            ||    97
